 Dungeon Sprint DCSS version 0.31.0-12-g77e489cdc1 (webtiles) character file.

Game seed: 14319565823730079450

4400000 CougarLife the Axe Maniac (level 25, -28/257 HPs)
             Began as a Minotaur Fighter on Feb 27, 2024.
             Was the Champion of Makhleb.
             Annihilated by a destroyer
             ... wielding a +9 heavy great sword
              (87 damage)
             ... in the Dungeon (Sprint VIII: "Arena of Blood").
             The game lasted 00:03:07 (44 turns).

CougarLife the Axe Maniac (Minotaur Fighter)          Turns: 44, Time: 00:03:08

Health: -28/257    AC: 13    Str: 31    XL:     25   Next: 35%
Magic:  19/40      EV: 22    Int:  5    God:    Makhleb [******]
Gold:   0          SH:  0    Dex: 12    Spells: 53/53 levels left

rFire   . . .        k - +∞ Axe of Woe
rCold   . . .        (shield currently unavailable)
rNeg    . . .        b - +0 scale mail
rPois   .            (helmet restricted)
rElec   .            (no cloak)
rCorr   .            (no gloves)
SInv    .            (no boots)
Will    +....        (no amulet)
Stlth   ++++++       (no ring)
HPRegen 0.62/turn    (no ring)
MPRegen 0.27/turn

%: no teleportation
@: no status effects
A: horns 2, retaliatory headbutt
a: Renounce Religion, Minor Destruction, Lesser Servant of Makhleb, Major
Destruction, Greater Servant of Makhleb


You were in the Dungeon.
You worshipped Makhleb.
Makhleb was exalted by your worship.
You visited 1 branch

Inventory:

Hand Weapons
 a - a +0 war axe
 k - the +∞ Axe of Woe (weapon)
   (You found it in the Dungeon)
Armour
 b - a +0 scale mail (worn)
 c - a +0 buckler
Scrolls
 j - a scroll of blinking
Potions
 d - a potion of might
 e - a potion of curing
 f - a potion of heal wounds
 g - a potion of haste
 h - 2 potions of magic
 i - a potion of berserk rage


   Skills:
 O Level 27 Fighting
 + Level 24.3(27) Short Blades
 + Level 23.8(27) Long Blades
 O Level 27 Axes
 + Level 23.8(27) Maces & Flails
 + Level 23.8(27) Polearms
 + Level 23.8(27) Staves
 + Level 22.1 Ranged Weapons
 + Level 20.4 Throwing
 O Level 27 Armour
 O Level 27 Dodging
 + Level 18.9 Stealth
 O Level 27 Shields
 + Level 22.1 Unarmed Combat
 + Level 14.9 Spellcasting
 + Level 16.1 Conjurations
 + Level 16.5 Hexes
 + Level 17.9 Summonings
 + Level 17.9 Necromancy
 + Level 17.9 Translocations
 + Level 17.9 Fire Magic
 + Level 17.9 Ice Magic
 + Level 17.9 Air Magic
 + Level 19.3 Earth Magic
 + Level 17.9 Alchemy
 O Level 27 Invocations
 + Level 20.9 Evocations
 + Level 17.9 Shapeshifting


You had 53 spell levels left.
You didn't know any spells.
Your spell library was empty.

Dungeon Overview and Level Annotations

Branches:
Dungeon (1/1)

Altars:
Makhleb

Annotations:
D The Servant


Innate Abilities, Weirdness & Mutations

You have a pair of horns on your head.
You reflexively headbutt those who attack you in melee.


Message History

The destroyer blinks!
The Servant hits you from afar with a +9 glaive of flaming!!
The Servant burns you!
Your base Short Blades skill increases to level 24!
Your Ranged Weapons skill increases to level 22!
Your Throwing skill increases to level 20!
Your Unarmed Combat skill increases to level 22!
Your Conjurations skill increases to level 16!
Your Earth Magic skill increases to level 19!
You have reached level 25!
A destroyer comes into view. It is wielding a +9 heavy great sword.
The tyrant appears out of thin air!
A tyrant comes into view.
You are engulfed in blazing flames.
A meat berserker comes into view. It is wielding a +9 battleaxe.
The meat berserker is engulfed in blazing flames.
The meat berserker hits you with a +9 battleaxe!!!!
The bag of meat is engulfed in blazing flames.
The destroyer casts a spell at you.
The destroyer blinks!
A destroyer comes into view. It is wielding a +9 heavy great sword.
A bag of meat comes into view. It is wielding a +9 war axe.
The bag of meat is engulfed in blazing flames.
The bag of meat attacks as it pursues you!
The bag of meat hits you with a +9 war axe.
The bag of meat is engulfed in blazing flames. x2
The destroyer is engulfed in blazing flames.
The destroyer casts a spell at you.
The destroyer blinks!
The destroyer gestures at you while chanting.
The destroyer blinks!
Things that are here:
a +9 battleaxe; a +30 ring of slaying; a meat berserker corpse A large bag of meat, a sculptor of flesh, a bag of meat and a destroyer come into view.
The destroyer is wielding a +9 heavy great sword.
The meat berserker is engulfed in blazing flames.
The meat berserker hits you with a +9 battleaxe!!!
* * * LOW HITPOINT WARNING * * *
The destroyer hits you with a +9 heavy great sword!!!!
You die...

.....§...........#
.......L..........
#.......V........O o
......§......o.. z.
......§○°☼o§... .V.
#..☼§○§O# ...O ..
#.)°§○oo# .....
...###.)§§☼§o###V.....
.....O))###o°§@.......
#........_.@§O.V......
......#).o..#..o....#.
......#_.<._#......V..
..... #V)...#...Oo.#.#
#........_.......O....
...o....###.O.......#.
...###... ..###....o .
#... ..#


You could see The Servant, 5 destroyers, a sculptor of flesh (wandering), 2
large bags of meat, 3 meat berserkers and 8 bags of meat.

Vanquished Creatures
  6 vampire knights (D)
  21 ogres (D)
  7 two-headed ogres (D)
  54 orcs (D)
88 creatures vanquished.

Notes
Turn   | Place    | Note
-------+----------+-------------------------------------------
     0 | D        | Found the +∞ Axe of Woe
     0 | D        | CougarLife the Minotaur Fighter began the quest for the
                  | Orb.
     0 | D        | Reached XP level 1. HP: 19/19 MP: 0/0
     3 | D        | Noticed a bag of meat
     3 | D        | Became a worshipper of Makhleb the Destroyer
     6 | D        | Noticed a bag of meat
     8 | D        | Noticed a bag of meat
     8 | D        | Noticed a bag of meat
    10 | D        | Killed a bag of meat
    10 | D        | Noticed a bag of meat
    11 | D        | Reached skill level 15 in Fighting
    11 | D        | Reached skill level 15 in Axes
    11 | D        | Reached skill level 15 in Armour
    11 | D        | Reached skill level 15 in Shields
    11 | D        | Reached XP level 2. HP: 49/49 MP: 1/1
    11 | D        | Reached XP level 3. HP: 56/56 MP: 2/2
    11 | D        | Reached XP level 4. HP: 63/63 MP: 3/3
    11 | D        | Reached XP level 5. HP: 70/70 MP: 4/4
    11 | D        | Reached XP level 6. HP: 78/78 MP: 5/5
    11 | D        | Reached XP level 7. HP: 84/84 MP: 6/6
    11 | D        | Reached XP level 8. HP: 93/93 MP: 7/7
    11 | D        | Reached XP level 9. HP: 100/100 MP: 8/8
    11 | D        | Reached XP level 10. HP: 107/107 MP: 9/9
    11 | D        | Killed a bag of meat
    11 | D        | Reached * piety under Makhleb
    11 | D        | Killed a bag of meat
    11 | D        | Noticed a meat berserker
    12 | D        | Reached XP level 11. HP: 123/123 MP: 10/10
    12 | D        | Reached XP level 12. HP: 130/130 MP: 11/11
    12 | D        | Noticed a bag of meat
    13 | D        | Noticed a bag of meat
    14 | D        | Killed a bag of meat
    14 | D        | Killed a meat berserker
    14 | D        | Reached ** piety under Makhleb
    14 | D        | Noticed a bag of meat
    14 | D        | Noticed a meat berserker
    14 | D        | Noticed a bag of meat
    14 | D        | Noticed a bag of meat
    14 | D        | Noticed a bag of meat
    14 | D        | Noticed a meat berserker
    15 | D        | Reached XP level 13. HP: 146/146 MP: 12/12
    15 | D        | Noticed a bag of meat
    15 | D        | Noticed a bag of meat
    15 | D        | Noticed a meat berserker
    15 | D        | Noticed a bag of meat
    15 | D        | Noticed a bag of meat
    15 | D        | Noticed a bag of meat
    15 | D        | Noticed a bag of meat
    15 | D        | Noticed a meat berserker
    16 | D        | Killed a meat berserker
    16 | D        | Killed a bag of meat
    16 | D        | Noticed a meat berserker
    16 | D        | Noticed a meat berserker
    16 | D        | Noticed a bag of meat
    16 | D        | Noticed a bag of meat
    16 | D        | Noticed a bag of meat
    16 | D        | Noticed a bag of meat
    17 | D        | Reached XP level 14. HP: 160/160 MP: 13/13
    17 | D        | Noticed a meat berserker
    17 | D        | Noticed a bag of meat
    17 | D        | Noticed a bag of meat
    17 | D        | Noticed a bag of meat
    17 | D        | Noticed a bag of meat
    17 | D        | Noticed a bag of meat
    17 | D        | Noticed a bag of meat
    17 | D        | Noticed a bag of meat
    17 | D        | Noticed a bag of meat
    17 | D        | Noticed a bag of meat
    18 | D        | Killed a meat berserker
    18 | D        | Reached *** piety under Makhleb
    18 | D        | Noticed a bag of meat
    18 | D        | Noticed a bag of meat
    18 | D        | Noticed a bag of meat
    19 | D        | Reached XP level 15. HP: 97/171 MP: 14/14
    20 | D        | Reached skill level 27 in Fighting
    20 | D        | Reached skill level 27 in Axes
    20 | D        | Reached skill level 27 in Armour
    20 | D        | Reached skill level 27 in Shields
    20 | D        | Noticed a meat berserker
    20 | D        | Noticed a meat berserker
    21 | D        | Reached **** piety under Makhleb
    21 | D        | Killed a meat berserker
    21 | D        | Killed a meat berserker
    21 | D        | Noticed a meat berserker
    21 | D        | Noticed a meat berserker
    22 | D        | Reached XP level 16. HP: 116/183 MP: 15/15
    22 | D        | Killed a meat berserker
    22 | D        | Reached ***** piety under Makhleb
    22 | D        | Killed a meat berserker
    23 | D        | Reached skill level 27 in Dodging
    23 | D        | Reached XP level 17. HP: 191/191 MP: 15/31
    23 | D        | Killed a meat berserker
    23 | D        | Reached ****** piety under Makhleb
    23 | D        | Noticed a meat berserker
    24 | D        | Reached skill level 27 in Invocations
    24 | D        | Reached XP level 18. HP: 200/200 MP: 15/34
    24 | D        | Noticed a large bag of meat
    24 | D        | Noticed a large bag of meat
    24 | D        | Noticed a meat berserker
    24 | D        | Noticed a meat berserker
    24 | D        | Noticed a large bag of meat
    25 | D        | Killed a meat berserker
    25 | D        | Noticed a large bag of meat
    26 | D        | Reached skill level 5 in Conjurations
    26 | D        | Reached skill level 5 in Hexes
    26 | D        | Noticed a destroyer
    27 | D        | Reached skill level 10 in Short Blades
    27 | D        | Reached skill level 10 in Long Blades
    27 | D        | Reached skill level 10 in Maces & Flails
    27 | D        | Reached skill level 10 in Polearms
    27 | D        | Reached skill level 10 in Staves
    27 | D        | Reached XP level 19. HP: 207/207 MP: 15/35
    27 | D        | Noticed a meat berserker
    27 | D        | Killed a meat berserker
    27 | D        | Killed a meat berserker
    28 | D        | Reached skill level 10 in Throwing
    28 | D        | Reached skill level 10 in Earth Magic
    28 | D        | Reached skill level 10 in Evocations
    28 | D        | Reached XP level 20. HP: 216/216 MP: 15/36
    29 | D        | Killed a meat berserker
    29 | D        | Killed a meat berserker
    29 | D        | Noticed a meat berserker
    29 | D        | Noticed a large bag of meat
    29 | D        | Noticed a large bag of meat
    30 | D        | Reached skill level 10 in Summonings
    30 | D        | Reached skill level 10 in Necromancy
    30 | D        | Reached skill level 10 in Translocations
    30 | D        | Reached skill level 10 in Fire Magic
    30 | D        | Reached skill level 10 in Ice Magic
    30 | D        | Reached skill level 10 in Air Magic
    30 | D        | Reached skill level 10 in Alchemy
    30 | D        | Reached skill level 10 in Shapeshifting
    30 | D        | Killed a meat berserker
    30 | D        | Killed a meat berserker
    30 | D        | Noticed a destroyer
    31 | D        | Reached skill level 15 in Short Blades
    31 | D        | Reached skill level 15 in Long Blades
    31 | D        | Reached skill level 15 in Maces & Flails
    31 | D        | Reached skill level 15 in Polearms
    31 | D        | Reached skill level 15 in Staves
    31 | D        | Reached skill level 10 in Conjurations
    31 | D        | Reached skill level 10 in Hexes
    31 | D        | Reached XP level 21. HP: 224/224 MP: 16/37
    31 | D        | Killed a large bag of meat
    31 | D        | Killed a large bag of meat
    31 | D        | Noticed a destroyer
    32 | D        | Reached skill level 15 in Ranged Weapons
    32 | D        | Reached skill level 15 in Unarmed Combat
    32 | D        | Reached skill level 10 in Spellcasting
    32 | D        | Noticed a destroyer
    32 | D        | Noticed a destroyer
    33 | D        | Killed a destroyer
    33 | D        | Noticed a large bag of meat
    34 | D        | Reached skill level 15 in Throwing
    34 | D        | Reached skill level 15 in Evocations
    34 | D        | Reached XP level 22. HP: 233/233 MP: 17/38
    34 | D        | Noticed a destroyer
    34 | D        | Killed a destroyer
    34 | D        | Noticed a destroyer
    35 | D        | Reached skill level 15 in Earth Magic
    35 | D        | Killed a destroyer
    35 | D        | Killed a large bag of meat
    35 | D        | Killed a large bag of meat
    36 | D        | Reached skill level 15 in Summonings
    36 | D        | Reached skill level 15 in Necromancy
    36 | D        | Reached skill level 15 in Translocations
    36 | D        | Reached skill level 15 in Fire Magic
    36 | D        | Reached skill level 15 in Ice Magic
    36 | D        | Reached skill level 15 in Air Magic
    36 | D        | Reached skill level 15 in Alchemy
    36 | D        | Reached skill level 15 in Shapeshifting
    36 | D        | Reached XP level 23. HP: 204/240 MP: 17/39
    36 | D        | Noticed a destroyer
    37 | D        | Killed a destroyer
    37 | D        | Killed a large bag of meat
    38 | D        | Noticed The Servant
    39 | D        | Killed a large bag of meat
    39 | D        | Noticed a large bag of meat
    40 | D        | Reached skill level 15 in Hexes
    40 | D        | Reached XP level 24. HP: 201/249 MP: 18/39
    40 | D        | Killed a destroyer
    40 | D        | Killed a destroyer
    41 | D        | Reached skill level 15 in Conjurations
    41 | D        | Noticed a destroyer
    42 | D        | Killed a large bag of meat
    43 | D        | Reached XP level 25. HP: 198/257 MP: 18/40
    43 | D        | Noticed a destroyer
    43 | D        | Noticed a destroyer
    44 | D        | Noticed a tyrant
    44 | D        | Noticed a large bag of meat
    44 | D        | Noticed a destroyer
    44 | D        | Annihilated by a destroyer

Illustrated notes

Levels and vault maps discovered:
D:        meatsprint

Skill      XL: |  1  2  3  4  5  6  7  8  9 10 11 12 13 14 15 16 17 18 19 20 21 22 23 24 |
---------------+-------------------------------------------------------------------------+-----
Fighting       | 15 19 22 24 26 27 | 27.0
Axes           | 15 19 22 24 25 27 | 27.0
Armour         | 15 19 22 24 26 27 | 27.0
Shields        | 15 19 22 24 26 27 | 27.0
Dodging        | 25 27 | 27.0
Invocations    | 23 27 | 27.0
Short Blades   | 4 10 12 15 18 20 22 24 | 24.3
Long Blades    | 4 10 12 15 18 20 22 23 | 23.8
Maces & Flails | 4 10 12 15 18 20 22 23 | 23.8
Polearms       | 4 10 12 15 18 20 22 23 | 23.8
Staves         | 4 10 12 15 18 20 22 23 | 23.8
Ranged Weapons | 4 9 11 14 16 18 20 22 | 22.1
Throwing       | 3 8 10 13 15 17 18 20 | 20.4
Stealth        | 3 8 9 12 14 16 17 18 | 18.9
Unarmed Combat | 4 9 11 14 16 18 20 22 | 22.1
Spellcasting   | 2 6 7 9 11 12 13 14 | 14.9
Conjurations   | 2 6 8 10 12 13 14 16 | 16.1
Hexes          | 3 6 8 10 12 13 15 16 | 16.5
Summonings     | 3 7 9 11 13 15 16 17 | 17.9
Necromancy     | 3 7 9 11 13 15 16 17 | 17.9
Translocations | 3 7 9 11 13 15 16 17 | 17.9
Fire Magic     | 3 7 9 11 13 15 16 17 | 17.9
Ice Magic      | 3 7 9 11 13 15 16 17 | 17.9
Air Magic      | 3 7 9 11 13 15 16 17 | 17.9
Earth Magic    | 3 8 10 12 14 16 17 19 | 19.3
Alchemy        | 3 7 9 11 13 15 16 17 | 17.9
Evocations     | 4 9 10 13 15 17 19 20 | 20.9
Shapeshifting  | 3 7 9 11 13 15 16 17 | 17.9

Action                     |  1- 3 |  4- 6 |  7- 9 | 10-12 | 13-15 | 16-18 | 19-21 | 22-24 | 25-27 || total
---------------------------+-------+-------+-------+-------+-------+-------+-------+-------+-------++-------
  Melee: Executioner's axe |     1 |       |       |     2 |     4 |     4 |     6 |     6 |       ||    23
 Armour: Scale mail        |       |       |       |     1 |     3 |     2 |     3 |    14 |     5 ||    28
  Dodge: Dodged            |     1 |       |       |       |       |     1 |       |     2 |       ||     4
